 Dungeon Crawl Stone Soup version 0.31-a0-354-g827e0957a7 (webtiles) character file.

Game seed: 16527515415905197875

15477 bobarctor the Eclecticist (level 12, -7/59 HPs)
             Began as a Deep Elf Hedge Wizard on July 24, 2023.
             Was a Priest of Kikubaaqudgha.
             Mangled by a boulder beetle (41 damage)
             ... on level 11 of the Dungeon.
             The game lasted 03:22:49 (21831 turns).

bobarctor the Eclecticist (Deep Elf Hedge Wizard)  Turns: 21831, Time: 03:22:50

Health: -7/59      AC: 14    Str: 12    XL:     12   Next: 1%
Magic:  12/35      EV: 14    Int: 28    God:    Kikubaaqudgha [***...]
Gold:   291        SH:  0    Dex: 18    Spells: 4/46 levels left

rFire   + . .        O - staff "Byblim" {Fragile rF+ rN+ Str+5 Dex+4 Necro}
rCold   . . .        (no shield)
rNeg    + . .        P - +3 robe of Clouds {*Thunder rCloud rElec}
rPois   .            L - +0 helmet {Int+3}
rElec   +            m - +1 cloak of the Lotus Blossom {rElec Will+}
rCorr   .            (no gloves)
SInv    .            N - +1 pair of boots
Will    ++...        q - amulet of regeneration
Stlth   +++          k - +4 ring of protection
HPRegen 1.09/turn    h - ring of wizardry
MPRegen 0.24/turn

%: wizardry (x1)
@: studying Poison Magic
A: no striking features
a: Renounce Religion, Unearth Wretches


You were on level 11 of the Dungeon.
You worshipped Kikubaaqudgha.
Kikubaaqudgha was most pleased with you.
You visited 2 branches of the dungeon, and saw 14 of its levels.
You also visited: Bailey.

You collected 1799 gold pieces.
You spent 1508 gold pieces at shops.

Inventory:

Hand Weapons
 a - a +1 whip of electrocution
 c - a +2 falchion of protection
 x - a +8 halberd of freezing
 z - a +0 orcbow
 E - the +1 rapier of Valiance {flame, rPois Will- rCorr Str+4}
   (You found it on level 9 of the Dungeon)

   Str:       It affects your strength (+4).
   rPois:     It protects you from poison.
   rCorr:     It protects you from acid and corrosion.
   Will:      It decreases your willpower.
Missiles
 s - 18 poisoned darts
 y - 2 javelins
 C - 9 boomerangs
 F - 2 silver boomerangs
 H - a curare-tipped dart
Armour
 m - the +1 cloak of the Lotus Blossom (worn) {rElec Will+}
   (You acquired it on level 11 of the Dungeon)

   rElec:     It insulates you from electricity.
   Will:      It increases your willpower.
 I - a +0 troll leather armour
 L - a +0 helmet of intelligence (worn)
 N - a +1 pair of boots (worn)
 P - the +3 robe of Clouds (worn) {*Thunder rCloud rElec}
   (You bought it in a shop on level 4 of the Dungeon)

   *Thunder:  It occasionally creates storm clouds above nearby enemies.
   rCloud:    It grants its wearer immunity to clouds.
   rElec:     It insulates you from electricity.
Magical Staves
 O - the staff "Byblim" (weapon) {Fragile rF+ rN+ Str+5 Dex+4 Necro}
   (You bought it in a shop on level 4 of the Dungeon)

   [staff of death]

   Base accuracy: +5 Base damage: 5 Base attack delay: 1.2 This weapon's minimum
   attack delay (0.6) is reached at skill level 12.
   Str:       It affects your strength (+5).
   Dex:       It affects your dexterity (+4).
   rF:        It protects you from fire.
   rN:        It protects you from negative energy.
   Fragile:   It will be destroyed if unequipped.
   Necro:     It increases the power of your Necromancy spells.
   It falls into the 'Staves' category.
   It is a one-handed weapon.
Jewellery
 h - a ring of wizardry (right hand)
 k - a +4 ring of protection (left hand)
 n - a ring of protection from cold
 q - an amulet of regeneration (around neck)
 u - a ring of see invisible
Talismans
 o - a beast talisman
Wands
 f - a wand of digging (11)
 w - a wand of polymorph (11)
 D - a wand of flame (23) (quivered)
Scrolls
 b - a scroll of poison
 i - 3 scrolls of teleportation
 B - 4 scrolls of identify
Potions
 d - 6 potions of magic
 e - a potion of cancellation
 g - 2 potions of might
 j - 2 potions of enlightenment
 l - 4 potions of haste
 r - 7 potions of curing
 t - 3 potions of invisibility
 v - a potion of berserk rage
 M - a potion of resistance
 R - 2 potions of heal wounds
Miscellaneous
 p - a lightning rod (4/4)


   Skills:
 * Level 2.8 Staves
 + Level 5.0 Dodging
 + Level 4.9 Stealth
 * Level 17.9 Spellcasting
 + Level 6.7 Conjurations
 + Level 4.2 Hexes
 + Level 1.7 Summonings
 * Level 9.5 Necromancy
 + Level 3.2 Translocations
 + Level 0.3 Ice Magic
 + Level 3.6 Air Magic
 + Level 4.8 Poison Magic
 * Level 3.2 Evocations


You had 4 spell levels left.
You knew the following spells:

 Your Spells              Type           Power      Damage    Failure   Level
a - Magic Dart            Conj           100%       1d8       1%          1
b - Blink                 Tloc           86%        N/A       1%          2
c - Mephitic Cloud        Conj/Pois/Air  52%        N/A       1%          3
d - Cigotuvi's Dreadful   Necr/Pois/Air  100%       N/A       1%          2
e - Call Imp              Summ           68%        N/A       1%          2
f - Necrotise             Necr           100%       1d9       1%          1
g - Sublimation of Blood  Necr           87%        N/A       1%          2
h - Searing Ray           Conj           100%       2d8       1%          2
i - Fulminant Prism       Conj/Hex       27%        3d14      1%          4
j - Dispel Undead         Necr           87%        3d28      1%          4
k - Ozocubu's Armour      Ice            27%        N/A       1%          3
l - Metabolic Englaciati  Hex/Ice        18%        N/A       8%          5
m - Sting                 Tmut/Pois      100%       1d8       1%          1
n - Anguish               Hex/Necr       38%        N/A       1%          4
o - Death Channel         Necr           43%        N/A       2%          6

Your spell library contained the following spells:

 Spells                   Type           Power      Damage    Failure   Level
 Kiss of Death            Conj/Necr      100%       2d13      1%          1
 Slow                     Hex            100%       N/A       1%          1
 Summon Small Mammal      Summ           100%       N/A       1%          1
 Scorch                   Fire           50%        2d7       1%          2
 Confusing Touch          Hex            48%        N/A       1%          3
 Inner Flame              Hex/Fire       36%        N/A       1%          3
 Flame Wave               Conj/Fire      44%        2d11      1%          4
 Borgnjor's Vile Clutch   Necr/Erth      33%        N/A       2%          5
 Alistair's Intoxication  Tmut/Pois      25%        N/A       8%          5
 Yara's Violent Unravell  Hex/Tmut       18%        3d9       9%          5
 Simulacrum               Ice/Necr       34%        N/A       16%         6
 Eringya's Noxious Bog    Tmut/Pois      19%        4d6       38%         6
 Summon Cactus Giant      Summ           17%        N/A       45%         6
 Enfeeble                 Hex            24%        N/A       69%         7
 Polar Vortex             Ice            13%        12d1*     100%        9


Dungeon Overview and Level Annotations

Branches:
Dungeon (13/15)            Temple (1/1) D:5            Lair (0/5) D:11
 Bailey (visited)
    Orc: D:9-12      Vaults: D:13-14

Altars:
Ashenzari
Cheibriados
Dithmenos
Elyvilon
Fedhas
Gozag
Hepliaklqana
Kikubaaqudgha
Makhleb
Nemelex Xobeh
Okawaru
Qazlal
Ru
Sif Muna
Trog
Uskayaw
Vehumet
Wu Jian
Xom
Yredelemnul
Zin
The Shining One

Shops:
D:1 ?!*   D:4 *!!   D:7 :   D:11 *

Annotations:
D:13 Rupert


Message History

Your fulminant prism explodes!
The blast of energy engulfs the boulder beetle.
The boulder beetle is heavily wounded.
Casting: Fulminant Prism (dangerous; 1% risk of failure)
Confirm with . or Enter, or press ? or * to list all spells.
You blink.
Casting: Blink (safe; 1% risk of failure)
Confirm with . or Enter, or press ? or * to list all spells.
Okay, then.
You feel stable enough to blink again. The boulder beetle hits you!
The boulder beetle stops rolling and uncurls.
Casting: Blink (safe; 1% risk of failure)
Confirm with . or Enter, or press ? or * to list all spells.
Casting: Anguish (safe; 1% risk of failure)
Press: ? - help, Dir - look around, f - activate
Okay, then.
Casting: Anguish (safe; 1% risk of failure)
Confirm with . or Enter, or press ? or * to list all spells.
Casting: Anguish (safe; 1% risk of failure)
Press: ? - help, Dir - look around, f - activate
Okay, then.
Unknown command.
Casting: Anguish (safe; 1% risk of failure)
Confirm with . or Enter, or press ? or * to list all spells.
Casting: Anguish (safe; 1% risk of failure)
Press: ? - help, Dir - look around, f - activate You feel a surge of power!
The boulder beetle is haunted by guilt!
The boulder beetle bites you!
The boulder beetle is wracked by anguish!
The boulder beetle attacks as you move away!
The boulder beetle bites you.
The boulder beetle is wracked by anguish.
The boulder beetle curls into a ball and begins rolling!
Casting: Anguish (safe; 1% risk of failure)
Confirm with . or Enter, or press ? or * to list all spells.
You blink.
The boulder beetle hits you!!!
Ouch! That really hurt!
You die...
Kikubaaqudgha rasps: "You have failed me!
Welcome... death!"

...#.# #...#
...#...#.#.#
#..###.#.#.#
#....#.#.#.##
##.#...#.#..#
.......#.##.##
.......#.##.>#########
.........###.........#
.....(...###....@....#
......#.........B....#
......#.........○§...#
...............°.....#
....#.).......°......#
#..............#######
...............#
....##.........#
....>..........#


You could see a boulder beetle (rolling, anguished).

Vanquished Creatures
  A centaur warrior (D:11)
  4 two-headed ogres
  A boulder beetle (D:9)
  Pikel (Temple)
  An unseen horror (D:10)
  3 kobold demonologists
  2 komodo dragons (D:10)
  2 trolls
  3 slime creatures (D:7)
  A vampire (D:9)
  3 wraiths
  24 yaks
  2 steam dragons (D:7)
  Duvessa (Temple)
  3 water moccasins
  3 sky beasts
  8 orc warriors
  2 black bears
  An ice beast (D:6)
  An ogre (D:5)
  A lemure (Temple)
  2 phantoms
  3 kobold brigands
  2 gnoll sergeants
  5 bullfrogs
  A scorpion (D:11)
  8 wights
  Dowan (Temple)
  5 killer bees
  3 howler monkeys
  A crimson imp (D:3)
  4 jellies
  4 hounds
  4 orc priests
  9 orc wizards
  4 iguanas
  11 gnolls
  7 adders
  A river rat (D:5)
  2 shadow imps
  A white imp (D:4)
  4 worms
  2 dart slugs
  45 orcs
  5 bats
  6 endoplasms
  5 giant cockroaches
  10 goblins
  11 hobgoblins
  6 jackals
  6 quokkas
  8 ball pythons
  A frilled lizard (D:1)
  19 kobolds
  6 rats
  7 fulminant prisms
287 creatures vanquished.

Vanquished Creatures (collateral kills)
  A wyvern (D:6)
  A killer bee (D:9)
  An orc priest (D:4)
  A worm (D:4)
  An orc (D:8)
  A kobold (D:9)
6 creatures vanquished.

Vanquished Creatures (others)
  A killer bee (D:9)
  An orc (D:8)
  115 fulminant prisms
117 creatures vanquished.

Grand Total: 410 creatures vanquished

Notes
Turn   | Place    | Note
-------+----------+-------------------------------------------
     0 | D:1      | bobarctor the Deep Elf Hedge Wizard began the quest for the
                  | Orb.
     0 | D:1      | Reached XP level 1. HP: 10/10 MP: 7/7
   104 | D:1      | Found Erhiteg's Magic Scroll Shoppe.
   381 | D:1      | Reached skill level 5 in Spellcasting
   381 | D:1      | Reached XP level 2. HP: 15/15 MP: 6/10
   384 | D:1      | Learned a level 2 spell: Blink
   898 | D:1      | Found Heefuxt Utus's Distillery.
  1004 | D:1      | Found Focwog's Assorted Antiques.
  1093 | D:1      | Bought a dark potion for 14 gold pieces
  1093 | D:1      | Bought a scroll labelled HOOTHU LUOZOTUV for 16 gold pieces
  1287 | D:1      | Reached XP level 3. HP: 19/19 MP: 8/11
  1291 | D:1      | Learned a level 3 spell: Mephitic Cloud
  2012 | D:2      | Reached skill level 6 in Spellcasting
  2014 | D:2      | Reached XP level 4. HP: 24/24 MP: 1/14
  2669 | D:2      | Learned a level 2 spell: Cigotuvi's Dreadful Rot
  2672 | D:2      | Learned a level 2 spell: Call Imp
  3532 | D:3      | Reached XP level 5. HP: 28/28 MP: 8/16
  3654 | D:3      | Found a radiant altar of Vehumet.
  3655 | D:3      | Found a burning altar of Makhleb.
  3895 | D:4      | Found a glowing golden altar of the Shining One.
  3937 | D:4      | Noticed a phantom
  3954 | D:4      | Found Yluhel's Distillery.
  3955 | D:4      | Found Fumeirur's Assorted Antiques.
  3961 | D:4      | Found Libuotiag's Distillery.
  4070 | D:1      | Bought a scroll labelled JUHYHA SISIDGHA for 16 gold pieces
  4070 | D:1      | Bought a golden potion for 14 gold pieces
  4070 | D:1      | Bought a fuming emerald potion for 14 gold pieces
  4129 | D:1      | Bought a scroll of identify for 28 gold pieces
  4129 | D:1      | Bought a scroll of identify for 28 gold pieces
  4129 | D:1      | Bought a scroll of teleportation for 42 gold pieces
  4435 | D:4      | Killed a phantom
  4436 | D:4      | Reached skill level 7 in Spellcasting
  4436 | D:4      | Reached skill level 1 in Air Magic
  4436 | D:4      | Reached skill level 1 in Poison Magic
  4823 | D:4      | Bought a scroll labelled INESAT RIGRAIM for 18 gold pieces
  4895 | D:4      | Noticed a phantom
  5082 | D:4      | Reached XP level 6. HP: 29/31 MP: 8/18
  6457 | D:5      | Entered Level 5 of the Dungeon
  6465 | D:5      | Found a staircase to the Ecumenical Temple.
  6504 | D:5      | Reached skill level 8 in Spellcasting
  6645 | D:5      | Noticed Duvessa
  6652 | D:5      | Noticed Dowan
  6675 | D:5      | Noticed Pikel
  6677 | Temple   | Entered the Ecumenical Temple
  6797 | Temple   | Became a worshipper of Kikubaaqudgha
  7243 | Temple   | Killed Pikel
  7244 | Temple   | Reached skill level 9 in Spellcasting
  7244 | Temple   | Reached XP level 7. HP: 17/36 MP: 0/22
  7453 | Temple   | Killed Duvessa
  7454 | Temple   | Reached skill level 10 in Spellcasting
  7454 | Temple   | Reached XP level 8. HP: 41/41 MP: 16/24
  7457 | Temple   | Killed Dowan
  8109 | D:6      | Noticed a kobold demonologist
  8591 | D:6      | Noticed a rust devil
  8603 | D:6      | Noticed a two-headed ogre
  8828 | D:4      | Reached skill level 11 in Spellcasting
  8836 | D:4      | Reached * piety under Kikubaaqudgha
  8836 | D:4      | Received a gift from Kikubaaqudgha
  9016 | D:5      | Killed a two-headed ogre
  9017 | D:5      | Reached XP level 9. HP: 43/45 MP: 16/26
  9557 | D:4      | Learned a level 1 spell: Necrotise
  9560 | D:4      | Learned a level 2 spell: Sublimation of Blood
  9563 | D:4      | Learned a level 2 spell: Searing Ray
  9568 | D:4      | Learned a level 4 spell: Fulminant Prism
 10195 | D:6      | Reached skill level 12 in Spellcasting
 10558 | D:6      | Reached skill level 5 in Necromancy
 10589 | D:6      | Killed a kobold demonologist
 10850 | D:6      | Found a glowing silver altar of Zin.
 10955 | D:6      | Reached skill level 13 in Spellcasting
 10955 | D:6      | Reached skill level 5 in Conjurations
 11103 | D:6      | Reached skill level 1 in Hexes
 12234 | D:7      | Reached XP level 10. HP: 50/50 MP: 20/29
 12391 | D:7      | Found Vuatisch's Tremendous Tomes.
 12698 | D:7      | Reached ** piety under Kikubaaqudgha
 13006 | D:8      | Reached skill level 14 in Spellcasting
 13036 | D:8      | Found a flagged portal.
 13053 | D:8      | Learned a level 4 spell: Dispel Undead
 13057 | D:8      | Learned a level 3 spell: Ozocubu's Armour
 13063 | D:8      | Learned a level 5 spell: Metabolic Englaciation
 13080 | Bailey   | Entered a bailey
 14867 | D:8      | Got the Discourse on Frosty Contamination
 15269 | D:4      | Bought a faintly glowing staff for 216 gold pieces
 15269 | D:4      | Identified the staff "Byblim" {Fragile rF+ rN+ Str+5 Dex+4
                  | Necro} (You bought it in a shop on level 4 of the Dungeon)
 15270 | D:4      | Bought the +3 robe of Clouds {*Thunder rCloud rElec} for
                  | 534 gold pieces
 15270 | D:4      | Found the +3 robe of Clouds {*Thunder rCloud rElec}
 15270 | D:4      | Bought 2 scrolls of identify for 72 gold pieces
 15270 | D:4      | Bought a scroll of teleportation for 54 gold pieces
 15337 | D:4      | Bought a potion of curing for 36 gold pieces
 15337 | D:4      | Bought a potion of magic for 96 gold pieces
 15383 | D:4      | Bought a potion of magic for 96 gold pieces
 15383 | D:4      | Bought a potion of magic for 96 gold pieces
 15554 | D:1      | Bought a potion of heal wounds for 70 gold pieces
 15554 | D:1      | Bought a potion of curing for 42 gold pieces
 15763 | D:9      | Noticed a boulder beetle
 15867 | D:9      | HP: 1/50 [boulder beetle (46)]
 15982 | D:9      | Reached skill level 15 in Spellcasting
 16172 | D:9      | Found a shimmering blue altar of Sif Muna.
 16189 | D:9      | Got Sif Muna's Compilation of Changes
 16191 | D:9      | Got Sif Muna's Notes on Support
 16193 | D:9      | Got Sif Muna's Omnibus of Trauma
 16200 | D:9      | Learned a level 1 spell: Sting
 16740 | D:9      | Noticed a two-headed ogre
 16758 | D:9      | Killed a two-headed ogre
 16959 | D:10     | Entered Level 10 of the Dungeon
 17009 | D:10     | Reached *** piety under Kikubaaqudgha
 17009 | D:10     | Received a gift from Kikubaaqudgha
 17010 | D:10     | Reached skill level 16 in Spellcasting
 17176 | D:10     | Found an iron altar of Okawaru.
 17535 | D:9      | Killed a boulder beetle
 17536 | D:9      | Reached skill level 1 in Evocations
 17536 | D:9      | Reached XP level 11. HP: 9/54 MP: 30/33
 17543 | D:9      | Reached skill level 1 in Staves
 17592 | D:9      | Learned a level 4 spell: Anguish
 17599 | D:9      | Learned a level 6 spell: Death Channel
 17740 | D:9      | Identified the +1 rapier of Valiance {flame, rPois Will-
                  | rCorr Str+4}
 18598 | D:10     | Found a shadowy altar of Dithmenos.
 19409 | D:10     | Reached skill level 17 in Spellcasting
 19619 | D:11     | Noticed a centaur warrior
 19657 | D:10     | Reached skill level 5 in Dodging
 19750 | D:11     | Noticed a boulder beetle
 20267 | D:11     | Found a staircase to the Lair.
 20510 | D:11     | Noticed a two-headed ogre
 20627 | D:11     | You fall into a shaft and drop 2 floors!
 20645 | D:13     | Noticed Rupert
 20791 | D:12     | Noticed a two-headed ogre
 20811 | D:12     | Killed a two-headed ogre
 20891 | D:11     | Found Afedy's CLEARANCE SALE!.
 20899 | D:11     | Bought a scroll of identify for 6 gold pieces
 20900 | D:11     | Identified a scroll of acquirement
 20900 | D:11     | Acquired the +1 cloak of the Lotus Blossom {rElec Will+}
 20963 | D:11     | Killed a centaur warrior
 21231 | D:10     | Killed a two-headed ogre
 21232 | D:10     | Reached XP level 12. HP: 59/59 MP: 3/35
 21831 | D:11     | Mangled by a boulder beetle

Illustrated notes

Levels and vault maps discovered:
D:1:      saegor_arrival_simple_a, layout_basic, serial_shops,
          nicolae_shop_rolling_square, shop, nicolae_shop_dealshenge,
          minmay_pentomino_z2
D:2:      layout_basic, chequers_serial_rivers_micro_c
D:3:      layout_rooms, grunt_temple_overflow_lords_of_destruction,
          minmay_strange_pillars
D:4:      layout_cave_pools, mainiacjoe_overflow_small_starburst,
          nicolae_shop_distant_corner_stores, hex_large,
          hangedman_abyss_or_decor_passed
D:5:      layout_basic, minmay_temple_entry_slanted, portal_sewer_entry_a,
          dk_noncrumbling_4, minmay_tree_intersection, uniq_pikel, uniq_duvessa
D:6:      layout_cave_pods, zin_statuary, minmay_manual_macuahuitl
D:7:      layout_gridville, nicolae_shop_i_like_big_books
D:8:      layout_gridville, enter_bailey_4, st_stairs_1,
          nicolae_straight_to_the_point
D:9:      layout_basic, nicolae_sif_muna_little_library, dreamdust_wishing_well
D:10:     layout_loops_corners, nicolae_dithmenos_the_darkroom,
          mainiacjoe_overflow_concentric_impassable
D:11:     layout_rooms, due_lair_maze_entry_diamond, nicolae_shop_clearance
D:12:     layout_long_grid, minmay_orc_entry_temple_small,
          ebering_ghost_funeral_grove, minmay_misc_feat_hallway,
          elyvilon_altar_1, uniq_maurice
D:13:     layout_loops_corners, grunt_vaults_entry_fortified, uniq_rupert
Temple:   nicolae_temple_superstar

Skill      XL: |  1  2  3  4  5  6  7  8  9 10 11 |
---------------+----------------------------------+-----
Spellcasting   | 5 6 7 9 10 11 13 16 17 | 17.9
Conjurations   | 2 3 4 5 6 |  6.7
Stealth        | 3 4 |  4.9
Air Magic      | 1 2 3 |  3.6
Poison Magic   | 1 3 4 |  4.8
Dodging        | 3 4 5 |  5.0
Necromancy     | 2 4 6 7 9 |  9.5
Translocations | 2 3 |  3.2
Hexes          | 1 3 4 |  4.2
Evocations     | 1 3 |  3.2
Staves         | 2 |  2.8
Summonings     | |  1.7
Ice Magic      | |  0.3

Action                     |  1- 3 |  4- 6 |  7- 9 | 10-12 || total
---------------------------+-------+-------+-------+-------++-------
  Melee: Dagger            |     5 |    51 |    56 |     6 ||   118
         Whip              |       |       |    43 |       ||    43
         Punch             |       |       |     1 |       ||     1
         Short sword       |       |       |       |    21 ||    21
         Staff             |       |       |       |     2 ||     2
  Throw: Dart              |       |     6 |       |       ||     6
   Cast: Magic Dart        |   113 |   262 |   107 |    31 ||   513
         Mephitic Cloud    |     4 |    34 |    46 |    91 ||   175
         Blink             |       |    17 |    15 |    25 ||    57
         Call Imp          |       |     4 |     5 |     1 ||    10
         Cigotuvi's Dreadf |       |     2 |     1 |     1 ||     4
         Searing Ray       |       |       |    40 |    68 ||   108
         Fulminant Prism   |       |       |    20 |   102 ||   122
         Necrotise         |       |       |     7 |   162 ||   169
         Metabolic Englaci |       |       |       |     5 ||     5
         Sublimation of Bl |       |       |       |     2 ||     2
         Anguish           |       |       |       |     7 ||     7
         Death Channel     |       |       |       |     1 ||     1
  Evoke: Wand              |       |     1 |       |     8 ||     9
    Use: Scroll            |       |    15 |       |     9 ||    24
         Potion            |       |     1 |       |       ||     1
   Stab: Confused          |       |     4 |    11 |     3 ||    18
 Armour: Robe              |     9 |    28 |    34 |    37 ||   108
  Dodge: Dodged            |    29 |   103 |    89 |    86 ||   307

Table legend: (Time is in decaauts)
 A = Elapsed time spent in this place.
 B = Non-inter-level travel time spent in this place.
 C = Inter-level travel time spent in this place.
 D = Time resting spent in this place.
 E = Time spent auto-exploring this place.
 F = Levels seen in this place.
 G = Mean time per level.
                   A        B        C        D        E       F      G
               +--------+--------+--------+--------+--------+-----+--------+
         Total |  21909 |  19672 |   2237 |   7870 |   6612 |  15 | 1460.6 |
       Dungeon |  20044 |  17856 |   2188 |   6967 |   6531 |  13 | 1541.8 |
        Temple |    928 |    879 |     49 |    433 |      0 |   1 |  928.0 |
        Bailey |    936 |    936 |      0 |    470 |     81 |   1 |  936.0 |
               +--------+--------+--------+--------+--------+-----+--------+

Top non-repeatable levels by time:
    D:10: 2802 daAuts
     D:2: 2548 daAuts
     D:3: 2040 daAuts
     D:9: 1904 daAuts
     D:7: 1897 daAuts
     D:1: 1815 daAuts
     D:4: 1759 daAuts
     D:6: 1489 daAuts
     D:5: 1371 daAuts
     D:8: 1335 daAuts
  Bailey: 936 daAuts
  Temple: 928 daAuts
    D:11: 858 daAuts
    D:13: 157 daAuts
    D:12: 65 daAuts
